 Dungeon Crawl Stone Soup version 0.28-a0-773-g130ae17fe5 (webtiles) character file.

Game seed: 17315345747988783087

0 meatgazer the Skirmisher (level 1, -2/18 HPs)
             Began as a Demonspawn Abyssal Knight on Nov 1, 2021.
             Was a Follower of Lugonu.
             Slain by a spriggan defender skeleton (3 damage)
             ... on level 1 of the Abyss.
             The game lasted 00:00:13 (120 turns).

meatgazer the Skirmisher (Demonspawn Abyssal Knight) Turns: 120, Time: 00:00:14

Health: -2/18      AC:  3    Str: 13    XL:     1   Next: 0%
Magic:  2/2        EV: 11    Int: 11    God:    Lugonu [*.....]
Gold:   25         SH:  0    Dex: 13    Spells: 0/0 levels left

rFire   . . .      SeeInvis .   a - +1 falchion
rCold   . . .      Faith    .   (no shield)
rNeg    . . .      Spirit   .   b - +0 leather armour
rPois   .          Reflect  .   (no helmet)
rElec   .          Harm     .   (no cloak)
rCorr   .          Rampage  .   (no gloves)
Will    .....                   (no boots)
Stlth   +.........              (no amulet)
HPRegen 0.06/turn               (no ring)
MPRegen 0.08/turn               (no ring)

@: no status effects
A: no striking features
a: Renounce Religion, Depart the Abyss


You were on level 1 of the Abyss.
You worshipped Lugonu.
Lugonu was aware of your devotion.
You visited 0 branches of the dungeon, and saw 0 of its levels.
You visited the Abyss 1 time.

You collected 25 gold pieces.

Inventory:

Hand Weapons
 a - a +1 falchion (weapon)
Armour
 b - a +0 leather armour (worn)


   Skills:
 + Level 3.0 Fighting
 + Level 1.7 Long Blades
 + Level 1.7 Armour
 + Level 0.8 Dodging
 + Level 2.4 Invocations


You couldn't memorise any spells.
You didn't know any spells.
Your spell library was empty.

Dungeon Overview and Level Annotations

Branches:
Dungeon (0/15)

Altars:


Message History

Welcome, meatgazer the Demonspawn Abyssal Knight.
They say the Orb of Zot lies within this dungeon, but they say a lot of things.
Lugonu says: Depart the Abyss and spread corruption, my servant! (use the ability menu to exit the Abyss) Press ? for a list of commands and other information.
Found a corrupted altar of Lugonu.
A quasit comes into view.
The quasit moves out of view.
You now have 12 gold pieces.
Found 22 sling bullets.
You now have 25 gold pieces (gained 13).
A neqoxec comes into view.
The neqoxec shouts!
A vampire comes into view.
The vampire points at you and mumbles some strange words.
You struggle to resist.
A tentacled starspawn comes into view.
The vampire gestures wildly while chanting.
The vampire flickers and vanishes!
Deactivating autopickup; reactivate with Ctrl-A.
You aren't carrying any scrolls.
A spriggan defender skeleton comes into view.
Tentacles burst from the starspawn's body! 2 starspawn tentacles come into view.
The spriggan defender skeleton misses you.
You hit the starspawn tentacle.
The starspawn tentacle is lightly damaged.
The spriggan defender skeleton hits you.
The spriggan defender skeleton hits you!
The starspawn tentacle grabs you. The starspawn tentacle constricts you.
The neqoxec gestures at you.
Something tries to feed on your intellect!
You escape the starspawn tentacle's grasp.
The starspawn tentacle grabs you. The starspawn tentacle constricts you.
* * * LOW HITPOINT WARNING * * *
Something loses its grip on you.
The spriggan defender skeleton hits you.
* * * LOW HITPOINT WARNING * * *
The spriggan defender skeleton hits you.
You die...

...##. ..#...# .....
### ... ..# #.##### .
.3######..#..## ##..
.......##.....####
...# ....
..3.#...#X#.#..#... .
.##...../..#Z@....#
..##..#.#w#..#...#.##
...#.##.###....#.##
#.... #.. #...####
... ### #...# . ..
....... . . .#.....
#.##.###


You could see a tentacled starspawn and a spriggan defender skeleton.

Vanquished Creatures (others)
  2 starspawn tentacles (Abyss:1)
2 creatures vanquished.

Notes
Turn   | Place    | Note
-------+----------+-------------------------------------------
     0 | Abyss:1  | meatgazer the Demonspawn Abyssal Knight began the quest for
                  | the Orb.
     0 | Abyss:1  | Reached XP level 1. HP: 18/18 MP: 2/2
    47 | Abyss:1  | Noticed a quasit
    99 | Abyss:1  | Noticed a neqoxec
    99 | Abyss:1  | Noticed a vampire
   105 | Abyss:1  | Noticed a tentacled starspawn
   113 | Abyss:1  | Noticed a spriggan defender skeleton
   120 | Abyss:1  | Slain by a spriggan defender skeleton

Illustrated notes

Levels and vault maps discovered:
Abyss:1:  base: Temple, base:
Temple

Action                   || total
-------------------------++-------
Melee: Falchion          ||     1
Dodge: Dodged            ||     1

Table legend: (Time is in decaauts)
 A = Elapsed time spent in this place.
 B = Non-inter-level travel time spent in this place.
 C = Inter-level travel time spent in this place.
 D = Time resting spent in this place.
 E = Time spent auto-exploring this place.
 F = Levels seen in this place.
 G = Mean time per level.
                   A        B        C        D        E       F      G
               +--------+--------+--------+--------+--------+-----+--------+
         Total |    120 |    120 |      0 |      0 |     96 |   1 |  120.0 |
         Abyss |    120 |    120 |      0 |      0 |     96 |   1 |  120.0 |
               +--------+--------+--------+--------+--------+-----+--------+

Top non-repeatable levels by time:
 Abyss:1: 120 daAuts
